 Dungeon Crawl Stone Soup version 0.28-b1-25-g9875b3fc8c (webtiles) character file.

Game seed: 17485046909607801711

212211 inmateoo the Fencer (level 18, 0/120 HPs)
             Began as a Tengu Berserker on Feb 5, 2022.
             Was a High Priest of Trog.
             Slain by the 27-headed Lernaean hydra (6 damage)
             ... on level 4 of the Swamp.
             The game lasted 01:01:46 (33615 turns).

inmateoo the Fencer (Tengu Berserker)              Turns: 33615, Time: 01:01:47

Health: 0/120      AC: 11    Str: 20    XL:     18   Next: 91%
Magic:  19/19      EV: 34    Int:  7    God:    Trog [*****.]
Gold:   2902       SH: 16    Dex: 29    Spells: 17/17 levels left

rFire   + + .      SeeInvis .   h - +7 double sword (flame)
rCold   + . .      Faith    +   y - +1 kite shield {rC+}
rNeg    . . .      Spirit   .   F - +1 leather armour of Levity {rPois Dex+3}
rPois   +          Reflect  .   n - +0 hat "Gukk" {rF+}
rElec   +          Harm     .   E - +2 cloak
rCorr   +          Rampage  .   d - +0 pair of gloves
Will    +....                   (boots unavailable)
Stlth   ++........              b - amulet "Ijiosayg" {Faith rElec rF+ Regen+}
HPRegen 1.10/turn               N - +6 ring of dexterity
MPRegen 0.16/turn               w - ring of resist corrosion

@: flying quickly and evasively, quick
A: beak, talons 3, nimble flight
}: 1/15 runes: gossamer
a: Renounce Religion, Berserk, Trog's Hand, Brothers in Arms


You were on level 4 of the Swamp.
You worshipped Trog.
Trog was extremely pleased with you.
You visited 5 branches of the dungeon, and saw 31 of its levels.
You also visited: Ice Cave.

You collected 3469 gold pieces.
You spent 567 gold pieces at shops.

Inventory:

Hand Weapons
 h - a +7 double sword of flaming (weapon)
Missiles
 v - 6 throwing nets (quivered)
Armour
 d - a +0 pair of gloves (worn)
 n - the +0 hat "Gukk" (worn) {rF+}
   (You found it on level 4 of the Spider Nest)

   rF:        It protects you from fire.
 y - a +1 kite shield of cold resistance (worn)
 z - a +2 leather armour of cold resistance
 E - a +2 cloak (worn)
 F - the +1 leather armour of Levity (worn) {rPois Dex+3}
   (You found it on level 13 of the Dungeon)

   Dex:       It affects your dexterity (+3).
   rPois:     It protects you from poison.
Jewellery
 b - the amulet "Ijiosayg" (around neck) {Faith rElec rF+ Regen+}
   (You acquired it on level 3 of the Dungeon)

   [amulet of faith]

   It allows you to gain divine favour quickly.
   rF:        It protects you from fire.
   rElec:     It insulates you from electricity.
   Regen:     It increases your rate of health regeneration.
 w - a ring of resist corrosion (right hand)
 H - a ring of magical power
 L - a ring of see invisible
 N - a +6 ring of dexterity (left hand)
 R - a ring of positive energy
Wands
 e - a wand of iceblast (34)
 r - a wand of charming (11)
 u - a wand of flame (57)
 x - a wand of acid (7)
 B - a wand of digging (14)
 I - a wand of paralysis (6)
 O - a wand of polymorph (19)
Scrolls
 a - 3 scrolls of enchant armour
 f - 8 scrolls of teleportation
 i - 6 scrolls of fear
 l - 3 scrolls of magic mapping
 m - 10 scrolls of identify
 C - a scroll of holy word
 G - 2 scrolls of fog
 J - 2 scrolls of silence
 K - a scroll of summoning
 M - a scroll of brand weapon
Potions
 c - 12 potions of curing
 g - 6 potions of attraction
 j - 6 potions of berserk rage
 k - 3 potions of haste
 o - 4 potions of might
 p - a potion of invisibility
 q - 4 potions of mutation
 s - 4 potions of ambrosia
 t - 2 potions of heal wounds
 A - 3 potions of resistance
 D - 2 potions of lignification
 P - 2 potions of magic


   Skills:
 + Level 15.8 Fighting
 - Level 20.3 Long Blades
 - Level 16.0 Armour
 + Level 17.0 Dodging
 + Level 11.8 Shields


You had 17 spell levels left.
You didn't know any spells.
Your spell library was empty.

Dungeon Overview and Level Annotations

Branches:
Dungeon (15/15)            Temple (0/1) D:6            Lair (6/6) D:8
  Swamp (4/4) Lair:2       Spider (4/4) Lair:3        Slime (0/5) Lair:5
    Orc (2/2) D:10            Elf (0/3) Orc:2        Vaults (0/5) D:14
 Depths (0/4) D:15          IceCv (visited)

Altars:
Ashenzari
Qazlal
Beogh
Jiyva

Shops:
D:6 ?[[   D:9 [   Orc:2 ?:=(=

Annotations:
D:12 1 runed translucent door, inmateoo's ghost, journeyman GrGl
Lair:6 3 runed translucent doors, Fafes's ghost, journeyman DrFE
Swamp:3 1 runed translucent door, esper6's ghost, journeyman GnNe
Swamp:4 Lernaean hydra; Roxanne
Spider:1 3 runed translucent doors, Zosacw's ghost, adept HaHu; bl3nd3r's ghost, journeyman MiBe


Innate Abilities, Weirdness & Mutations

You have a beak for a mouth.
You have claws for feet.
Your magical nature lets you fly swiftly and evasively.


Message History

The 27-headed Lernaean hydra bites you! x2
The 27-headed Lernaean hydra bites you but does no damage.
The 27-headed Lernaean hydra bites you.
The 27-headed Lernaean hydra completely misses you.
The 27-headed Lernaean hydra bites you but does no damage.
You block the 27-headed Lernaean hydra's attack.
The 27-headed Lernaean hydra closely misses you.
The 27-headed Lernaean hydra bites you. x2; The bog body completely misses you.
The bunyip skeleton claws you!
The bunyip skeleton completely misses you.
The bunyip skeleton misses you. The swamp worm completely misses you.
A thorn hunter comes into view.
There is a stone staircase leading up, spattered with blood here.
The 27-headed Lernaean hydra misses you.
The 27-headed Lernaean hydra bites you.
You block the 27-headed Lernaean hydra's attack.
The 27-headed Lernaean hydra bites you!
You block the 27-headed Lernaean hydra's attack. x2
The 27-headed Lernaean hydra bites you! The 27-headed Lernaean hydra bites you.
The 27-headed Lernaean hydra misses you.
The 27-headed Lernaean hydra completely misses you.
You block the 27-headed Lernaean hydra's attack.
The 27-headed Lernaean hydra bites you.
The 27-headed Lernaean hydra closely misses you.
The 27-headed Lernaean hydra bites you!
* * * LOW HITPOINT WARNING * * *
The 27-headed Lernaean hydra misses you.
The 27-headed Lernaean hydra closely misses you.
The 27-headed Lernaean hydra completely misses you.
The 27-headed Lernaean hydra bites you.
* * * LOW HITPOINT WARNING * * *
The 27-headed Lernaean hydra completely misses you.
The 27-headed Lernaean hydra bites you!
* * * LOW HITPOINT WARNING * * *
The 27-headed Lernaean hydra bites you!
* * * LOW HITPOINT WARNING * * *
The 27-headed Lernaean hydra completely misses you.
The 27-headed Lernaean hydra misses you.
The 27-headed Lernaean hydra bites you.
You die...

♣≈.○○...°≈♣≈≈≈≈≈≈≈.≈≈≈≈≈≈≈
♣♣..♣♣.f≈k≈≈≈≈≈≈≈.≈≈.≈≈≈§≈
♣♣♣♣♣.§)≈≈≈≈≈≈♣≈♣..≈....≈
♣.≈≈≈≈≈≈≈≈≈.♣♣≈♣♣♣♣≈≈
♣♣.≈≈≈≈≈♣♣..≈♣♣♣ ♣♣
♣.≈÷≈≈..♣♣♣♣♣ ♣≈DnD≈..♣♣♣
♣♣nw≈≈.≈≈≈♣♣ ♣D@≈≈.≈≈≈.♣
♣≈Z.≈.≈≈≈## ♣...)...##
♣..♣♣♣♣♣# ♣..t≈♣ ♣......♣
.≈.≈.≈≈..≈ ♣.≈♣..♣≈≈..≈.
....♣♣.≈≈.≈..♣


You could see the 27-headed Lernaean hydra, a thorn hunter, an alligator, an
eight-headed hydra, a five-headed hydra, 2 bog bodies, a swamp worm, a swamp
drake and a bunyip skeleton.

Vanquished Creatures
  Mlioglotl (Swamp:4)
  Asterion (Spider:2)
  Frances (Spider:2)
  A thorn hunter (Swamp:2)
  3 emperor scorpions
  A frost giant (IceCv)
  Aizul (Swamp:3)
  2 ghouls (Swamp:3)
  4 ghost moths
  4 broodmothers
  4 bunyips (Swamp:2)
  3 eleionomae
  2 spark wasps
  A shambling mangrove (Swamp:4)
  3 boulder beetles
  Harold (D:8)
  2 jorogumos
  13 hydras
  2 ghost crabs
  8 centaur warriors
  3 catoblepae
  A death knight (D:12)
  A radroach (Spider:3)
  2 dancing weapons (D:14)
  10 alligators
  5 two-headed ogres
  15 death yaks
  A death scarab (Spider:2)
  3 tengu warriors
  A vampire mage (D:15)
  A fire crab (shapeshifter) (D:14)
  5 skeletal warriors
  6 pharaoh ants
  A bunyip zombie (Swamp:4)
  5 sun moths
  3 steelbarb worms
  3 spriggan druids
  A death drake (Swamp:2)
  7 bog bodies
  A lindwurm (Lair:6)
  2 goliath frogs (Swamp:3)
  8 orb spiders
  7 swamp dragons
  A necromancer (D:15)
  A deep elf pyromancer (D:15)
  3 orc sorcerers (Orc:2)
  A shadow dragon zombie (D:15)
  4 orc knights (Orc:2)
  29 wolf spiders
  4 moths of wrath
  2 manticores
  An ugly thing (IceCv)
  A frost giant zombie (D:15)
  10 will-o-the-wisps
  4 cyclopes
  8 elephants
  A fire giant skeleton (D:15)
  An ice statue (IceCv)
  2 gargoyles
  4 black mambas
  Maurice (D:11)
  4 torpor snails
  7 cane toads
  5 rime drakes
  5 demonic crawlers
  An unseen horror (D:13)
  2 freezing wraiths (D:11)
  2 tengu conjurers (D:14)
  9 komodo dragons
  14 polar bears
  15 meliai
  7 trolls
  4 blink frogs (Lair:5)
  14 hornets
  7 tyrant leeches
  18 tarantellas
  9 dream sheep (Lair:6)
  A spriggan zombie (D:15)
  Grinder (D:3)
  3 slime creatures (D:14)
  21 spriggans
  13 jumping spiders
  2 shadows
  5 wyverns
  5 wraiths
  26 culicivoras
  86 yaks
  3 basilisks
  A redback simulacrum (D:15)
  4 steam dragons
  34 redbacks
  11 vampire mosquitoes
  4 wargs
  An acid dragon (D:8)
  18 water moccasins
  17 swamp worms
  2 swamp drakes (Swamp:4)
  11 black bears
  33 orc warriors
  A hornet zombie (Swamp:4)
  2 necrophages (Swamp:3)
  2 sky beasts (D:6)
  6 ogres
  42 wolves
  4 boggarts (Lair:6)
  25 centaurs
  A kobold brigand (D:9)
  17 bullfrogs
  3 scorpions
  A gnoll sergeant (D:11)
  A water moccasin skeleton (D:5)
  6 killer bees
  12 wights
  3 howler monkeys (D:13)
  2 electric eels
  A bullfrog zombie (D:5)
  A centaur zombie (D:10)
  5 hounds
  4 jellies
  9 orc priests
  3 gnoll shamans
  2 bullfrog skeletons
  3 iguanas
  Jessica (D:2)
  12 orc wizards
  A scorpion zombie (D:5)
  3 hell rats (Lair:6)
  A killer bee zombie (D:8)
  A howler monkey zombie (D:9)
  13 gnolls
  A howler monkey skeleton (D:3)
  9 adders
  15 river rats
  3 shadow imps
  4 worms
  An adder skeleton (D:4)
  A dart slug (D:3)
  65 orcs
  8 ball pythons
  5 endoplasms
  4 giant cockroaches
  7 goblins
  7 hobgoblins
  7 jackals
  9 kobolds
  8 quokkas
  A bat (D:1)
  6 frilled lizards
  24 rats
1026 creatures vanquished.

Vanquished Creatures (collateral kills)
  Arachne (Spider:2)
  A fenstrider witch (Swamp:2)
  2 emperor scorpions (Spider:4)
  7 hydras
  A centaur warrior (D:13)
  A death knight (D:11)
  4 death yaks
  2 pharaoh ants
  2 steelbarb worms
  2 wolf spiders
  A will-o-the-wisp (Swamp:3)
  A cyclops (D:13)
  A moth of wrath (Spider:4)
  A black mamba (Lair:6)
  2 cane toads
  2 kobold demonologists (D:13)
  A demonic crawler (Spider:4)
  2 tarantellas
  3 dream sheep (Lair:6)
  A spriggan (Lair:6)
  A wyvern (Lair:6)
  2 yaks (Lair:4)
  3 redbacks
  A vampire mosquito (D:13)
  An acid dragon (D:13)
  2 wolves (Lair:6)
  A black bear (D:8)
  4 centaurs (D:13)
  2 kobold brigands (D:13)
  A bullfrog (Lair:4)
  2 orcs (D:8)
58 creatures vanquished.

Vanquished Creatures (others)
  A fenstrider witch (Swamp:3)
  2 bloated husks
  A redback (Spider:4)
  3 swamp worms
  An orc wizard (Orc:2)
  A gnoll (Orc:2)
  2 bushes
  60 foxfires
  50 fungi
  53 plants
  8 withered plants
182 creatures vanquished.

Grand Total: 1266 creatures vanquished

Notes
Turn   | Place    | Note
-------+----------+-------------------------------------------
     0 | D:1      | inmateoo the Tengu Berserker began the quest for the Orb.
     0 | D:1      | Reached XP level 1. HP: 14/14 MP: 2/2
    63 | D:1      | Reached XP level 2. HP: 18/19 MP: 3/3
  1133 | D:2      | Reached XP level 3. HP: 17/23 MP: 4/4
  1214 | D:2      | Found a faded altar of an unknown god.
  1384 | D:2      | Noticed Jessica
  1388 | D:2      | Killed Jessica
  1389 | D:2      | Reached skill level 4 in Long Blades
  1389 | D:2      | Reached XP level 4. HP: 28/28 MP: 5/5
  2476 | D:2      | Gained mutation: Your magical nature lets you fly swiftly
                  | and evasively. [Tengu growth]
  2476 | D:2      | Reached XP level 5. HP: 29/32 MP: 6/6
  2550 | D:3      | Identified a scroll of acquirement
  2550 | D:3      | Acquired the amulet "Ijiosayg" {Faith rElec rF+ Regen+}
  2566 | D:3      | Noticed Grinder
  2605 | D:3      | Reached ** piety under Trog
  2622 | D:3      | Killed Grinder
  2623 | D:3      | Reached skill level 5 in Long Blades
  2623 | D:3      | Reached XP level 6. HP: 15/38 MP: 7/7
  3191 | D:4      | Reached skill level 6 in Long Blades
  3191 | D:4      | Reached XP level 7. HP: 23/44 MP: 8/8
  3779 | D:5      | Entered Level 5 of the Dungeon
  3898 | D:4      | Reached *** piety under Trog
  3899 | D:4      | Reached XP level 8. HP: 33/48 MP: 9/9
  3963 | D:5      | Reached skill level 7 in Long Blades
  3994 | D:5      | Reached skill level 5 in Fighting
  4178 | D:5      | Reached skill level 5 in Armour
  4179 | D:5      | Reached skill level 5 in Dodging
  4523 | D:5      | Noticed a shadow
  4533 | D:5      | Killed a shadow
  4534 | D:5      | Reached skill level 8 in Long Blades
  4592 | D:5      | Noticed a yak
  4598 | D:5      | Noticed a yak
  4601 | D:5      | Killed a yak
  4603 | D:5      | Noticed a yak
  4605 | D:5      | Noticed a yak
  4607 | D:5      | Killed a yak
  4608 | D:5      | Reached XP level 9. HP: 55/55 MP: 10/10
  4622 | D:5      | Reached skill level 9 in Long Blades
  5033 | D:6      | Found a staircase to the Ecumenical Temple.
  5222 | D:6      | Found Eddum's Armour Emporium.
  5385 | D:6      | Reached skill level 10 in Long Blades
  5448 | D:6      | Reached XP level 10. HP: 58/61 MP: 11/11
  5543 | D:6      | Found Ucrosi's Magic Scroll Emporium.
  5549 | D:6      | Bought a scroll of enchant armour for 90 gold pieces
  5549 | D:6      | Bought a scroll of teleportation for 36 gold pieces
  5549 | D:6      | Bought a scroll of teleportation for 36 gold pieces
  5549 | D:6      | Bought a scroll of fear for 42 gold pieces
  5549 | D:6      | Bought a scroll of identify for 24 gold pieces
  5549 | D:6      | Bought a scroll of amnesia for 42 gold pieces
  5549 | D:6      | Bought a scroll of identify for 24 gold pieces
  5549 | D:6      | Bought a scroll of immolation for 42 gold pieces
  5549 | D:6      | Bought a scroll of identify for 24 gold pieces
  5607 | D:6      | Reached **** piety under Trog
  5814 | D:6      | Found Haydemp's Antique Armour Shop.
  6833 | D:7      | Identified the +6 plate armour "Xoixutoh" {*Corrode Int+5}
  6927 | D:7      | Reached ***** piety under Trog
  6974 | D:8      | Noticed Harold
  6990 | D:8      | Killed Harold
  6991 | D:8      | Reached skill level 11 in Long Blades
  7447 | D:8      | Found a staircase to the Lair.
  7460 | D:8      | Reached XP level 11. HP: 67/68 MP: 12/12
  7714 | D:9      | Found Isuov's Armour Shoppe.
  7840 | D:9      | Reached skill level 12 in Long Blades
  7843 | D:9      | Noticed a tengu warrior
  7844 | D:9      | Noticed a two-headed ogre
  7847 | D:9      | Noticed a two-headed ogre
  7852 | D:9      | Killed a two-headed ogre
  7859 | D:9      | Killed a tengu warrior
  7864 | D:9      | Killed a two-headed ogre
  8000 | D:9      | Noticed a two-headed ogre
  8015 | D:9      | Killed a two-headed ogre
  8179 | D:9      | Noticed a cyclops
  8189 | D:9      | Killed a cyclops
  8459 | D:9      | Reached skill level 13 in Long Blades
  8603 | D:10     | Entered Level 10 of the Dungeon
  8658 | D:10     | Found a stormy altar of Qazlal.
  8705 | D:10     | Found a staircase to the Orcish Mines.
  9240 | D:11     | Noticed Maurice
  9240 | D:11     | Noticed a death knight
  9241 | D:11     | Noticed a skeletal warrior
  9288 | D:10     | Reached XP level 12. HP: 60/76 MP: 13/13
  9453 | D:11     | Identified the +9 hunting sling "Enkaicux" {venom, rF+
                  | rN+++ rCorr Stlth-}
  9727 | D:11     | Killed Maurice
  9774 | D:11     | Reached ****** piety under Trog
  9803 | D:11     | Reached skill level 10 in Dodging
  9830 | D:11     | Reached skill level 10 in Armour
  9898 | D:11     | Killed a death knight
  9899 | D:11     | Reached skill level 14 in Long Blades
 10312 | D:12     | Found a runed translucent door.
 10339 | D:12     | Noticed inmateoo's ghost (journeyman GrGl)
 10458 | D:12     | Noticed a five-headed hydra
 10462 | D:12     | Killed a six-headed hydra
 10505 | D:12     | Noticed a death knight
 10682 | D:12     | Killed a death knight
 10833 | D:12     | You are sucked into a shaft and drop 1 floor!
 10833 | D:13     | Noticed a centaur warrior
 10839 | D:13     | Killed a centaur warrior
 10840 | D:13     | Reached skill level 10 in Fighting
 10849 | D:13     | Noticed a boulder beetle
 10871 | D:13     | Killed a boulder beetle
 10872 | D:13     | Reached skill level 15 in Long Blades
 10872 | D:13     | Reached XP level 13. HP: 56/82 MP: 14/14
 11098 | D:13     | Identified the +1 leather armour of Levity {rPois Dex+3}
 11954 | D:14     | Received a gift from Trog
 12292 | D:14     | Found a gate to the Vaults.
 12393 | D:14     | Found a broken altar of Ashenzari.
 12487 | D:14     | Reached skill level 16 in Long Blades
 12895 | D:15     | Entered Level 15 of the Dungeon
 13258 | D:6      | Bought a +0 buckler for 58 gold pieces
 13386 | Lair:1   | Entered Level 1 of the Lair of Beasts
 13729 | Lair:1   | Reached skill level 1 in Shields
 14352 | Lair:2   | Received a gift from Trog
 14539 | Lair:2   | Reached XP level 14. HP: 80/90 MP: 15/15
 14878 | Lair:2   | Found a staircase to the Swamp.
 15574 | Lair:3   | Found a hole to the Spider Nest.
 16078 | Lair:4   | Reached skill level 17 in Long Blades
 17146 | Lair:5   | Found a viscous altar of Jiyva.
 17147 | Lair:5   | Found a staircase to the Slime Pits.
 17245 | Lair:5   | You are sucked into a shaft and drop 1 floor!
 17245 | Lair:6   | Entered Level 6 of the Lair of Beasts
 17679 | Lair:5   | Reached XP level 15. HP: 83/96 MP: 16/16
 18088 | Lair:6   | Reached skill level 5 in Shields
 18224 | Lair:5   | Reached skill level 18 in Long Blades
 18505 | Lair:6   | Received a gift from Trog
 19228 | Lair:6   | Found a runed translucent gate.
 19229 | Lair:6   | Found a runed translucent gate.
 19230 | Lair:6   | Found a runed translucent gate.
 19329 | Lair:6   | Noticed an azure jelly
 19329 | Lair:6   | Noticed an acid blob
 19331 | Lair:6   | Noticed Fafes's ghost (journeyman DrFE)
 19331 | Lair:6   | Noticed an azure jelly
 19331 | Lair:6   | Noticed an azure jelly
 19332 | Lair:6   | Noticed an azure jelly
 19332 | Lair:6   | Noticed an azure jelly
 19332 | Lair:6   | Noticed an azure jelly
 19332 | Lair:6   | Noticed a rockslime
 19333 | Lair:6   | Noticed an acid blob
 19333 | Lair:6   | Noticed an azure jelly
 19334 | Lair:6   | Noticed an azure jelly
 19353 | Lair:6   | Found a viscous altar of Jiyva.
 19871 | D:15     | Found a staircase to the Depths.
 20463 | D:15     | Received a gift from Trog
 20932 | Orc:1    | Entered Level 1 of the Orcish Mines
 21009 | Orc:1    | Found a frozen archway.
 21018 | IceCv    | Entered an ice cave
 21261 | IceCv    | Reached XP level 16. HP: 102/103 MP: 17/17
 21273 | IceCv    | Received a gift from Trog
 21322 | IceCv    | Reached skill level 19 in Long Blades
 21521 | IceCv    | Identified the +6 rapier "Minoonk" {flame, Int+7 Dex+2}
 21522 | IceCv    | Identified the +10 short sword "Logileh" {speed, rElec
                  | rF+++ Will- Stlth-}
 22079 | Orc:2    | Entered Level 2 of the Orcish Mines
 22263 | Orc:2    | Found Lesoa's Magic Scroll Shoppe.
 22269 | Orc:2    | Bought a scroll of fear for 45 gold pieces
 22269 | Orc:2    | Bought a scroll of teleportation for 39 gold pieces
 22269 | Orc:2    | Bought a scroll of fog for 26 gold pieces
 22269 | Orc:2    | Bought a scroll of teleportation for 39 gold pieces
 22451 | Orc:2    | Received a gift from Trog
 22476 | Orc:2    | Found a staircase to the Elven Halls.
 22983 | Orc:2    | Found Tyqugria's Jewellery Shoppe.
 22983 | Orc:2    | Found Urghuc's Weapon Boutique.
 22983 | Orc:2    | Found Ziwugoad's Jewellery Shop.
 22986 | Orc:2    | Found Buuj's Book Emporium.
 23550 | Swamp:1  | Entered Level 1 of the Swamp
 24612 | Swamp:2  | Noticed a thorn hunter
 24621 | Swamp:2  | Killed a thorn hunter
 24683 | Swamp:2  | Received a gift from Trog
 24815 | Swamp:2  | Identified the +0 robe "Turhaly" {rPois}
 25464 | Swamp:3  | Noticed a fenstrider witch
 25468 | Swamp:2  | Paralysed by a fenstrider witch for 4 turns
 25476 | Swamp:2  | Paralysed by a fenstrider witch for 6 turns
 25623 | Spider:1 | Entered Level 1 of the Spider Nest
 25730 | Spider:1 | Reached skill level 20 in Long Blades
 26067 | Spider:1 | Found a runed translucent gate.
 26068 | Spider:1 | Found a runed translucent gate.
 26069 | Spider:1 | Found a runed translucent gate.
 26070 | Spider:1 | Noticed Zosacw's ghost (adept HaHu)
 26071 | Spider:1 | Noticed bl3nd3r's ghost (journeyman MiBe)
 26118 | Spider:1 | Reached XP level 17. HP: 105/109 MP: 18/18
 26137 | Spider:1 | Paralysed by a jorogumo for 3 turns
 26418 | Spider:1 | Received a gift from Trog
 27008 | Spider:2 | Noticed Asterion
 27020 | Spider:2 | Killed Asterion
 27245 | Spider:2 | Noticed Arachne
 27253 | Spider:2 | Killed Arachne
 27330 | Spider:2 | Reached skill level 15 in Dodging
 27387 | Spider:2 | Noticed Frances
 27412 | Spider:2 | Killed Frances
 27413 | Spider:2 | Reached skill level 15 in Armour
 28210 | Spider:3 | Received a gift from Trog
 28938 | Spider:4 | Entered Level 4 of the Spider Nest
 29255 | Spider:4 | Received a gift from Trog
 29792 | Spider:3 | Reached skill level 10 in Shields
 29915 | Spider:3 | Reached XP level 18. HP: 104/113 MP: 19/19
 30471 | Spider:4 | Reached skill level 15 in Fighting
 30593 | Spider:4 | Identified the +0 hat "Gukk" {rF+}
 30645 | Spider:4 | Got a gossamer rune of Zot
 31388 | Swamp:3  | Received a gift from Trog
 31728 | Swamp:3  | Found a runed translucent door.
 31733 | Swamp:3  | Identified the +12 spear of the Smoking Gnat {pain, rC++}
 31734 | Swamp:3  | Noticed esper6's ghost (journeyman GnNe)
 31873 | Swamp:3  | Paralysed by a fenstrider witch for 3 turns
 31986 | Swamp:2  | Paralysed by a fenstrider witch for 5 turns
 32510 | Swamp:4  | Entered Level 4 of the Swamp
 32552 | Swamp:4  | Noticed Aizul
 32564 | Swamp:3  | Killed Aizul
 32671 | Swamp:4  | Noticed Roxanne
 32959 | Swamp:4  | Received a gift from Trog
 33193 | Swamp:4  | Noticed Mlioglotl
 33322 | Swamp:4  | Killed Mlioglotl
 33600 | Swamp:4  | Noticed the 27-headed Lernaean hydra
 33615 | Swamp:4  | HP: 6/120 [the 27-headed Lernaean hydra (10)]
 33615 | Swamp:4  | Slain by the 27-headed Lernaean hydra

Illustrated notes

Levels and vault maps discovered:
D:1:      minmay_arrival_nine_rooms, layout_basic, corexii_leaking_fountain
D:2:      layout_basic, hellmonk_ecumenical_altar_inner_sanctum,
          minmay_statues_item, minmay_misc_feat_five, uniq_jessica
D:3:      layout_basic, uniq_grinder
D:4:      layout_rooms, minmay_misc_feat_plants
D:5:      layout_basic
D:6:      lemuel_ratsnest, layout_basic, minmay_temple_entry_waves,
          serial_shops, nicolae_inconvenience_store, shop,
          kennysheep_little_box, kennysheep_donut, kennysheep_small_spiral,
          minmay_between
D:7:      layout_basic
D:8:      layout_loops_ring, erik_lair_dragon, kennysheep_generic_room_7,
          uniq_harold
D:9:      layout_loops_ring, serial_shops, shop_fountains
D:10:     layout_cave_pools, nicolae_qazlal_scattered_showers,
          minmay_orc_entry_guard_dogs, feat_on_display
D:11:     layout_small_grid, uniq_maurice
D:12:     layout_roguey, ebering_ghost_reflecting_pool, minmay_misc_feat_iff
D:13:     layout_long_grid
D:14:     layout_stronghold, erik_vaults_1, nicolae_ashenzari_skybound
D:15:     gammafunk_depths_entry_grave, layout_basic, serial_co_window_serial,
          co_window_corner_a, co_window_corner_a, co_window_cross_1,
          co_window_corner_a, co_window_corner_a, co_window_cross_3,
          co_window_of_opportunity_c, co_window_unsneaky_path_c,
          co_window_cross_3, glass_columns_b, glass_columns_b
Lair:1:   layout_regular_city
Lair:2:   layout_hall_layers, nicolae_swamp_entry_splash_gauntlet,
          grunt_megastairs_1
Lair:3:   layout_regular_city, spider_nest_entry_rubble, lemuel_fruit_tree,
          grunt_megastairs_2, lemuel_fruit_fields
Lair:4:   layout_roguey
Lair:5:   layout_roguey, dpeg_slime_entry_enclosed_altar
Lair:6:   minmay_lair_end_enchanted_forest, layout_small_grid,
          gammafunk_ghost_ooze, columned_hall_lemuel, serial_bayou_pond_d,
          kennysheep_abandoned_house, grunt_megastairs_4, lemuel_fruit_fields
Swamp:1:  layout_basic_swamp, serial_swamp_ruin, evilmike_swamp_ruin_house_4,
          evilmike_swamp_ruin_house_6, evilmike_swamp_ruin_house_5, swamp_pool1
Swamp:2:  layout_basic_swamp, hangedman_swamp_ruin_wall, water_boxes_lemuel
Swamp:3:  layout_basic_swamp, ebering_ghost_funeral_grove, hangedman_swamp_lotus
Swamp:4:  grunt_swamp_rune_castle, layout_basic_swamp, swamp_pool1,
          beargit_kiku_chapel, infiniplex_staircase_pool, uniq_aizul,
          uniq_mlioglotl, uniq_roxanne
Spider:1: layout_cave_pods, gammafunk_ghost_cemetery
Spider:2: layout_spider_delve, uniq_asterion, uniq_frances, uniq_arachne
Spider:3: layout_spider_delve
Spider:4: guppyfry_spider_rune, nicolae_spider_webbed_stairs
Orc:1:    layout_caves, portal_ice_cave_entry_pillars_2, mines2_david
Orc:2:    st_orc_rangers, layout_caves, serial_shops, nicolae_diamond_shop,
          nicolae_orc_lava_tube, rock_pile

Skill      XL: |  1  2  3  4  5  6  7  8  9 10 11 12 13 14 15 16 17 18 |
---------------+-------------------------------------------------------+-----
Long Blades    | 4 5 6 8 10 11 13 15 16 17 18 20 | 20.3
Armour         | 3 4 5 7 8 9 10 11 12 13 14 15 16 | 16.0
Dodging        | 3 4 5 7 8 9 10 11 12 13 14 15 17 | 17.0
Fighting       | 4 5 6 7 9 10 11 12 13 14 15 | 15.8
Shields        | 2 4 6 8 10 11 | 11.8

Action                   |  1- 3 |  4- 6 |  7- 9 | 10-12 | 13-15 | 16-18 || total
-------------------------+-------+-------+-------+-------+-------+-------++-------
Melee: Falchion          |    51 |   111 |   112 |       |       |       ||   274
       Kick              |     7 |    28 |    59 |   203 |   446 |   610 ||  1353
       Peck              |     7 |    12 |    47 |   122 |   277 |   389 ||   854
       Punch             |     1 |     1 |     5 |    12 |     5 |       ||    24
       Scimitar          |       |       |   105 |   581 |  1015 |       ||  1701
       Double sword      |       |       |       |       |   110 |  1396 ||  1506
Invok: Berserk           |     2 |     3 |     5 |     7 |     5 |     2 ||    24
       Brothers in Arms  |       |       |       |     4 |    11 |    12 ||    27
       Trog's Hand       |       |       |       |       |       |     1 ||     1
Evoke: Wand              |       |       |       |       |    17 |     4 ||    21
  Use: Scroll            |     5 |     4 |       |    15 |     8 |     9 ||    41
       Potion            |       |     1 |       |       |       |     3 ||     4
 Stab: Sleeping          |       |     1 |       |       |     3 |       ||     4
       Petrified         |       |       |       |       |     3 |       ||     3
       Petrifying        |       |       |       |       |     2 |       ||     2
       Distracted        |       |       |       |       |     1 |     3 ||     4
       Fleeing           |       |       |       |       |       |     1 ||     1
Armor: Animal skin       |     7 |     5 |       |       |       |       ||    12
       Ring mail         |       |    16 |    78 |    47 |       |       ||   141
       Leather armour    |       |       |       |    96 |   224 |   155 ||   475
Dodge: Dodged            |    32 |    79 |   160 |   482 |   972 |  1355 ||  3080
Block: Buckler           |       |       |       |       |   249 |     6 ||   255
       Kite shield       |       |       |       |       |       |  1147 ||  1147
